 Dungeon Crawl Stone Soup version 0.26-a0-682-g294304f6e8 (webtiles) character file.

Game seed: 3500258531718076009

35 Whiskey the Sneak (level 3, -1/21 HPs)
             Began as an Octopode Enchanter on Oct 22, 2020.
             Slain by a worm (12 damage)
             ... on level 2 of the Dungeon.
             The game lasted 00:01:37 (1128 turns).

Whiskey the Sneak (Octopode Enchanter)              Turns: 1128, Time: 00:01:38

Health: -1/21      AC:  1    Str:  8    XL:     3   Next: 33%
Magic:  6/6        EV: 13    Int: 17    God:
Gold:   107        SH:  0    Dex: 12    Spells: 5/6 levels left

rFire    . . .     SeeInvis .   a - +1 dagger
rCold    . . .     Faith    .   (no shield)
rNeg     . . .     Spirit   .   (helmet restricted)
rPois    .         Reflect  .   c - amulet of the acrobat
rElec    .         Harm     .   (no ring)
rCorr    .         Rampage  .   (no ring)
MR       .....                  (no ring)
Stlth    ++++......             (no ring)
HPRegen  0.07/turn              (no ring)
MPRegen  0.10/turn              (no ring)
                                (no ring)
                                (no ring)

@: no status effects
A: almost no armour, stealthy swim, amphibious, 8 rings, constrict 8, camouflage
1, gelatinous body 1
a: no special abilities


You were on level 2 of the Dungeon.
You visited 1 branch of the dungeon, and saw 2 of its levels.

You collected 107 gold pieces.

Inventory:

Hand Weapons
 a - a +1 dagger (weapon)
Jewellery
 c - an amulet of the acrobat (around mantle)
   (You found it on level 1 of the Dungeon)
Scrolls
 b - 2 scrolls of identify {unknown}
 e - a scroll of teleportation {unknown}
 f - a scroll of enchant weapon {unknown}
Potions
 d - 2 potions of brilliance {unknown}


   Skills:
 - Level 1.0 Short Blades
 - Level 2.0 Dodging
 * Level 5.5 Stealth
 - Level 2.0 Spellcasting
 + Level 3.4 Hexes


You had 5 spell levels left.
You knew the following spells:

 Your Spells              Type           Power        Failure   Level
v - Corona                Hex            ##.....      4%          1

Your spell library contained the following spells:

 Spells                   Type           Power        Failure   Level
 Ensorcelled Hibernation  Hex/Ice        #.....       14%         2
 Confusing Touch          Hex            ##......     14%         3
 Tukima's Dance           Hex            ##......     14%         3
 Dazzling Flash           Conj/Hex       #.....       28%         3


Dungeon Overview and Level Annotations

Branches:
Dungeon (2/15)

Altars:
Nemelex Xobeh


Innate Abilities, Weirdness & Mutations

You cannot wear most types of armour.
You are very stealthy in the water. (Stealth+)
You are amphibious.
You can wear up to eight rings at the same time.
You can use your tentacles to constrict eight enemies at once.
Your skin changes colour to match your surroundings (Stealth+).
Your rubbery body absorbs attacks. (AC +1, EV +1)


Message History

You climb downwards.
A bat comes into view.
There is a stone staircase leading up here.
The helpless bat fails to defend itself.
You impale the bat!!
You kill the bat!
Found a stone staircase leading down.
You now have 107 gold pieces (gained 16).
b - 2 scrolls labeled KEITUTH DEUMUB (gained 1)
A giant cockroach comes into view.
The giant cockroach completely misses you. x2
You hit the giant cockroach. You grab the giant cockroach.
You squeeze the giant cockroach.
You constrict the giant cockroach, but do no damage.
The giant cockroach bites you but does no damage.
You hit the giant cockroach but do no damage.
You constrict the giant cockroach, but do no damage.
The giant cockroach barely misses you.
You hit the giant cockroach.
You kill the giant cockroach!
You have reached level 3!
Your experience leads to an increase in your attributes!
Increase (s)trength, (i)ntelligence, or (d)exterity?
You feel stronger.
Health restored: 21; MP restored: 6 There's nothing to open nearby.
There's nothing to open nearby.
Unknown command.
Unknown command.
A goblin comes into view. It is wielding a +0 dagger.
A quokka comes into view.
Found a sparkling altar of Nemelex Xobeh.
A hobgoblin comes into view. It is wielding a +0 club.
The helpless goblin fails to defend itself.
You impale the goblin!!
You kill the goblin!
The helpless hobgoblin fails to defend itself.
You impale the hobgoblin!!
You kill the hobgoblin!
No target in view!
No target in view!
No target in view!
You see here a +0 club.
A quokka is nearby!
A leopard gecko comes into view.
Found a stone staircase leading down.
The helpless quokka fails to defend itself.
You impale the quokka!!
You kill the quokka!
The helpless leopard gecko fails to defend itself.
You impale the leopard gecko!!
You kill the leopard gecko!
You see here a quokka corpse.
A jackal comes into view.
Found a stone staircase leading down.
A jackal comes into view.
The jackal barks!
A jackal comes into view.
Found a stone staircase leading up.
The jackal barks! x2
You hit the jackal but do no damage. Your grab misses the jackal.
The jackal barely misses you. The jackal closely misses you.
You hit the jackal. You grab the jackal. You squeeze the jackal.
You constrict the jackal. The jackal barely misses you.
You hit the jackal but do no damage.
You constrict the jackal, but do no damage.
The jackal completely misses you.
You hit the jackal.
You kill the jackal!
The jackal misses you. The jackal closely misses you.
The jackal bites you but does no damage.
You barely miss the jackal. You grab the jackal.
You constrict the jackal, but do no damage.
The jackal bites you but does no damage.
The jackal bites you.
You take 3 damage, and have 18/21 hp.
You hit the jackal. You constrict the jackal. The jackal closely misses you.
The jackal barely misses you. x2
You hit the jackal.
You kill the jackal!
The jackal completely misses you. The jackal bites you.
You take 1 damage, and have 17/21 hp.
You hit the jackal but do no damage. You grab the jackal.
You constrict the jackal. The jackal closely misses you.
A worm comes into view.
You hit the jackal.
You constrict the jackal, but do no damage.
The jackal closely misses you. The jackal bites you.
You take 2 damage, and have 15/21 hp.
You hit the jackal.
You kill the jackal!
You see here a jackal corpse.
You hit the worm. You grab the worm. You squeeze the worm, but do no damage.
You constrict the worm. You hit the worm. You constrict the worm.
The worm bites you.
You take 5 damage, and have 11/21 hp.
MASSIVE DAMAGE!!
You hit the worm. You constrict the worm. You hit the worm.
You constrict the worm. The worm bites you!
Ouch! That really hurt!
You die...

#.. ### #.# ... #####.#
.. ##...... ##.##
##...##.# #...#
#....##.# #>.w#
####....##.. #..@#
#........... #...#
#.##..#.###. #.††#
#.##..#.###.
####...#####.##.....##.
<...............>....##.
......$.................
............#####....###
###.#...........#.##.#
#.#...###.....#.##.#


You could see a worm.

Vanquished Creatures
  An ooze (D:1)
  A leopard gecko (D:2)
  2 giant cockroaches
  3 hobgoblins
  5 jackals
  A quokka (D:2)
  6 bats
  A frilled lizard (D:1)
  5 goblins
  A kobold (D:1)
26 creatures vanquished.

Notes
Turn   | Place    | Note
-------+----------+-------------------------------------------
     0 | D:1      | Whiskey the Octopode Enchanter began the quest for the Orb.
     0 | D:1      | Reached XP level 1. HP: 11/11 MP: 3/3
   317 | D:1      | Reached XP level 2. HP: 17/17 MP: 5/5
   724 | D:1      | Reached skill level 5 in Stealth
  1031 | D:2      | Reached XP level 3. HP: 21/21 MP: 6/6
  1064 | D:2      | Found a sparkling altar of Nemelex Xobeh.
  1128 | D:2      | Slain by a worm

Illustrated notes

Levels and vault maps discovered:
D:1:      dpeg_arrival_water_temple_mockup, layout_loops_corners,
          kennysheep_boxes
D:2:      minmay_diamond_boxcup, layout_loops_cross,
          nicolae_overflow_crystal_walls

Skill      XL: |  1  2 |
---------------+-------+-----
Stealth        | 5 |  5.5
Short Blades   | |  1.0
Dodging        | |  2.0
Spellcasting   | |  2.0
Hexes          | |  3.4

Action                   || total
-------------------------++-------
Melee: Dagger            ||    47
       Constrict         ||     9
       Tentacles         ||     6
 Stab: Sleeping          ||    16
Armor: Skin              ||     6
Dodge: Dodged            ||    25

Table legend: (Time is in decaauts)
 A = Elapsed time spent in this place.
 B = Non-inter-level travel time spent in this place.
 C = Inter-level travel time spent in this place.
 D = Time resting spent in this place.
 E = Time spent auto-exploring this place.
 F = Levels seen in this place.
 G = Mean time per level.
                   A        B        C        D        E       F      G
               +--------+--------+--------+--------+--------+-----+--------+
         Total |   1125 |   1101 |     24 |      0 |    948 |   2 |  562.5 |
       Dungeon |   1125 |   1101 |     24 |      0 |    948 |   2 |  562.5 |
               +--------+--------+--------+--------+--------+-----+--------+

Top non-repeatable levels by time:
     D:1: 956 daAuts
     D:2: 169 daAuts

Table legend:
 A = Kills in this place as a percentage of kills in entire the game.
 B = Kills by you in this place as a percentage of kills by you in the entire game.
 C = Kills by friends in this place as a percentage of kills by friends in the entire game.
 D = Other kills in this place as a percentage of other kills in the entire game.
 E = Experience gained in this place as a percentage of experience gained in the entire game.
 F = Experience gained in this place divided by the number of levels of this place that you have seen.
                   A       B       C       D       E      F
               +-------+-------+-------+-------+-------+----------------------
         Total | 100.0 | 100.0 |   N/A |   N/A | 100.0 |  25.0
       Dungeon | 100.0 | 100.0 |   N/A |   N/A | 100.0 |  25.0
               +-------+-------+-------+-------+-------+----------------------
